[Event "*** Titled Tuesday Blitz"]
[Site "Chess.com"]
[Date "2020.05.19"]
[Round "1"]
[White "archess2"]
[Black "AleksanderHnydiuk"]
[Result "0-1"]
[WhiteElo "2290"]
[BlackElo "2584"]
[TimeControl "180+1"]
[EndTime "12:07:51 PDT"]
[Termination "AleksanderHnydiuk won by resignation"]

1. d4 Nf6 2. c4 e6 3. Nc3 Bb4 4. Qc2 O-O 5. e4 d5 6. e5 Ne4 7. Bd3 c5 8. Ne2 Nc6 9. O-O cxd4 10. Nxe4 dxe4 11. Bxe4 h6 12. Bf4 Bc5 13. a3 a5 14. Rfd1 Bd7 15. Ng3 Qh4 16. Qd2 Rad8 17. Ne2 Nxe5 18. Bxe5 Qxe4 19. Bxd4 Bc6 20. f3 Qf5 21. Qe3 Rxd4 22. Nxd4 Qf6 23. b4 axb4 24. axb4 Bxb4 25. Nxc6 bxc6 26. Kh1 c5 27. Ra7 Qf5 28.
h3 Qc2 29. Rc1 Qb2 30. Raa1 Bd2 31. Qg1 Bxc1 32. Qxc1 Qxc1+ 33. Rxc1 Rd8 34. Kg1 Rd2 35. g4 g5 36. Ra1 Rc2 37. Ra4 Kg7 38. Kf1 Kf6 39.
Ke1 Ke5 40. Kd1 Rc3 41. Ra5 Rxc4 42. Ke2 Kf4 43. Kd3 Rd4+ 44. Kc3 Rd5 45. Kc4 Kxf3 46. Ra3+ Kf4 47. Ra1 Ke5 48. Re1+ Kd6 49. Rf1 Rd4+ 50.
Kc3 Rf4 51. Ra1 Rf3+ 52. Kc4 Rxh3 53. Ra6+ Ke5 54. Kxc5 Rh4 55. Ra4 h5 56. Ra2 Rxg4 57. Re2+ Kf6 58. Rf2+ Kg6 59. Kd6 h4 60. Ke7 f5 61.
Kxe6 Re4+ 62. Kd5 h3 63. Rh2 g4 64. Ra2 Kg5 65. Kd6 g3 66. Ra3 Kg4 67. Kd5 h2 68. Ra1 g2 69. Ra2 h1=Q 0-1

[Event "*** Titled Tuesday Blitz"]
[Site "Chess.com"]
[Date "2020.05.19"]
[Round "1"]
[White "adriangschnitzer"]
[Black "NefeLV"]
[Result "0-1"]
[WhiteElo "2451"]
[BlackElo "1821"]
[TimeControl "180+1"]
[EndTime "12:07:51 PDT"]
[Termination "NefeLV won on time"]

1. e4 e6 2. c4 c6 3. d4 d5 4.
Nc3 Bd7 5. cxd5 cxd5 6. exd5 Bb4 7. dxe6 Bxe6 8. Nf3 Nf6 9. Qa4+ Nc6 10. Bb5 O-O 11. Bxc6 Bxc3+ 12. bxc3 bxc6 13. Ba3 Re8 14. O-O Qd5 15. Ne5 Ng4 16. Nxg4 Bxg4 17. Bc5 Re6 18. Rfe1 Rg6 19. c4 Qxg2+ 20. Kxg2 Bd1+ 21. Kf1 Bxa4 22. Re7 Bc2 23. Ke2 Re6+ 24. Rxe6 fxe6 25. Kd2 Bf5 26. Rc1 Rb8 27. Kc3 Rb7 28. Re1 Kf7 29. f4 h6 30.
h4 Kf6 31. Re5 Kg6 32. d5 cxd5 33. cxd5 Kf6 34. Bd4 Rc7+ 35. Kd2 Kf7 36. d6 Rc4 37. Ke3 Ke8 38. Bxa7 Kd7 39. Bd4 Ra4 40. Rc5 Kxd6 41. Rc8 Ra3+ 42. Kd2 Rxa2+ 43. Kd1 Bg4+ 44. Ke1 Kd5 45.
Bxg7 Ke4 46. Bxh6 Ke3 47. Rc3+ Ke4 48. Bg7 Rh2 0-1

[Event "*** Titled Tuesday Blitz"]
[Site "Chess.com"]
[Date "2020.05.19"]
[Round "1"]
[White "Shuvalov"]
[Black "Alexander_Moskalenko"]
[Result "0-1"]
[WhiteElo "2424"]
[BlackElo "2820"]
[TimeControl "180+1"]
[EndTime "12:07:53 PDT"]
[Termination "Alexander_Moskalenko won by checkmate"]

1. Nf3 a6 2. e4 b5 3. d4 Bb7 4. Bd3 e6 5. O-O Nf6 6. Nbd2 c5 7. c3 Be7 8. a4 c4 9. Bc2 d6 10. e5 dxe5 11. Nxe5 Nbd7 12. Ndf3 O-O 13. Qe2 Bd5 14. Bg5 h6 15. Bh4 Nh5 16. Bxe7 Qxe7 17. Nxd7 Nf4 18.
Qe3 Nxg2 19. Kxg2 Qxd7 20. Be4 bxa4 21. Rg1 f6 22. Kf1 Rab8 23. Ra2 Rb7 24. Bc2 Qf7 25. Qxh6 Rfb8 26. Qh7+ Kf8 27. Qh8+ Ke7 28. Qxg7 Bxf3 29. Qg3 Qh5 30. Qg7+ Kd6 31. Qxf6 Rf7 32. Qg5 Rbf8 33. Rg3 Qxh2 34. Qe5+ Ke7 35. Qc5+ Kd7 36. Bxa4+ Kd8 37. Qd6+ Kc8 38. Qxa6+ Bb7 39. Qxc4+ Kb8 40. Rg2 Qxg2+ 41.
Ke1 Rxf2 42. Bc6 Rf1+ 43. Qxf1 Qxf1+ 44. Kd2 Qf2+ 45. Kc1 Bxc6 46. Ra8+ Bxa8 47. Kb1 Be4+ 48. Ka2 Kb7 49. Ka3 Bd5 50. Kb4 Ra8 51. c4 Qxb2+ 52.
Kc5 Qb6# 0-1

[Event "*** Titled Tuesday Blitz"]
[Site "Chess.com"]
[Date "2020.05.19"]
[Round "1"]
[White "frankshar"]
[Black "Spartakus1975"]
[Result "0-1"]
[WhiteElo "2363"]
[BlackElo "2680"]
[TimeControl "180+1"]
[EndTime "12:07:53 PDT"]
[Termination "Spartakus1975 won by resignation"]

1. d4 d5 2. c4 c6 3. Nc3 Nf6 4.
e3 Bf5 5. Nf3 e6 6. Nh4 Be4 7.
f3 Bg6 8. Nxg6 hxg6 9. Qb3 Qc7 10. Bd2 Nbd7 11. O-O-O a6 12. e4 dxe4 13. Nxe4 Nxe4 14. fxe4 e5 15. Qg3 O-O-O 16. d5 Nc5 17. Be2 Bd6 18. Kb1 Kb8 19. Qf3 Rdf8 20. g4 f5 21. gxf5 gxf5 22. exf5 g6 23. f6 e4 24. Qg4 Rxf6 25.
Bc3 Be5 26. Bxe5 Qxe5 27. dxc6 Rxc6 28. Qg3 Qxg3 29. hxg3 Rxh1 30. Rxh1 Rf6 31. Rf1 Rxf1+ 32. Bxf1 Kc7 33. Kc2 Kd6 34. b4 Ne6 35. Kd2 Ke5 36. Ke3 Nd4 37. b5 a5 38. Bg2 Nf5+ 39. Kf2 b6 40. g4 Nd6 41. Bf1 Kd4 42. Bg2 Nxc4 43.
Kg3 g5 44. Kf2 Nd6 45. Ke2 Nxb5 0-1

[Event "*** Titled Tuesday Blitz"]
[Site "Chess.com"]
[Date "2020.05.19"]
[Round "1"]
[White "JoachimMouhamad"]
[Black "emperor87"]
[Result "0-1"]
[WhiteElo "2315"]
[BlackElo "2610"]
[TimeControl "180+1"]
[EndTime "12:07:53 PDT"]
[Termination "emperor87 won by checkmate"]

1. e4 c6 2. d4 d5 3. Nd2 dxe4 4.
Nxe4 Nd7 5. Ng5 Ngf6 6. Bc4 e6 7. c3 h6 8. N5f3 b6 9. Bf4 Nh5 10. Be3 Qc7 11. Ne2 Bb7 12. Qd2 Bd6 13. O-O-O O-O-O 14. Ng3 Nhf6 15. Qe2 Kb8 16. Kb1 Ka8 17. Rhe1 c5 18.
Bd3 Rc8 19. dxc5 Nxc5 20. Bc2 Rhd8 21. Nd4 a6 22. f3 Bf4 23. Bxf4 Qxf4 24. Qe3 Qxe3 25.
Rxe3 Ka7 26. Rde1 b5 27. Re5 Kb6 28. Nge2 Nd5 29. Nb3 Nd7 30. Re4 N7f6 31. Rd4 a5 32.
Red1 a4 33. Nbc1 Re8 34. a3 Rc4 35. Na2 Rxd4 36. Rxd4 e5 37. Rd2 e4 38. fxe4 Nxe4 39.
Bxe4 Rxe4 40. Nb4 Nxb4 41. axb4 Re6 42. g3 Kc7 43. Kc2 Be4+ 44. Kc1 f5 45. Nd4 Re5 46.
Rf2 g5 47. Kd2 Kb6 48. Kc1 Kc7 49. Kd2 Kd6 50. Kc1 Ke7 51. Kd2 Kf6 52. Re2 h5 53. Rf2 h4 54. gxh4 gxh4 55. Ne2 Rd5+ 56. Nd4 Kg5 57. Ke3 Re5 58. Kd2 h3 59. Nf3+ Bxf3 60.
Rxf3 Kg4 61. Rg3+ Kh4 62. Rg8 f4 63. c4 bxc4 64. Rb8 f3 65. Rh8+ Kg4 66. Rg8+ Kf4 67.
Rf8+ Rf5 68. Rxf5+ Kxf5 69. Ke3 c3 70. bxc3 a3 71.
b5 a2 72. b6 a1=Q 73. b7 Qb2 74. Kxf3 Qxb7+ 75. Kg3 Qg2+ 76. Kh4 Qg4# 0-1

[Event "*** Titled Tuesday Blitz"]
[Site "Chess.com"]
[Date "2020.05.19"]
[Round "1"]
[White "K_A_S_T_O_R"]
[Black "Marcan2b"]
[Result "0-1"]
[WhiteElo "2726"]
[BlackElo "2415"]
[TimeControl "180+1"]
[EndTime "12:07:54 PDT"]
[Termination "Marcan2b won by resignation"]

1. e4 e6 2. d4 d5 3. Nc3 Nf6 4. e5 Nfd7 5. Nce2 c5 6. f4 Nc6 7. c3 Be7 8. Nf3 O-O 9. a3 b5 10.
f5 cxd4 11. cxd4 Nb6 12. fxe6 fxe6 13. Nf4 Nc4 14. b3 Qa5+ 15. Kf2 Qc3 16. Ra2 Nxd4 17.
Qxd4 Qxc1 18. Nd3 Qb1 19. Ra1 Qxb3 20. Be2 Qa4 21. Rhc1 Bd7 22. Kg1 Qa6 23. Kh1 Qb6 24.
Qg4 Qe3 25. Re1 Qe4 26. Qg3 Qg6 27. Qf2 a5 28. Nc5 Bxc5 29. Qxc5 Rac8 30. Qa7 Bc6 31. Rad1 Nxa3 32. Bd3 Qh5 33. Qxa5 Nc4 34. Qb4 Rf4 35.
Be2 Qf7 36. Qc3 Bb7 37. Rf1 h6 38. Kg1 Bc6 39. h3 Qa7+ 40. Kh2 Ne3 41. Qc1 Nxf1+ 42. Rxf1 Qf7 43. g3 Rf5 44. Kg1 Bb7 45. Qe3 d4 46. Nxd4 Rxf1+ 47. Bxf1 b4 48. Bd3 Bd5 49. Nb5 b3 50. Nd6 Qc7 51. Nxc8 Qxc8 52. Qb6 Qc1+ 53. Kf2 Qd2+ 54. Be2 b2 55. Qb8+ Kh7 56. Qb5 Be4 57. Qb4 Qxb4 0-1

[Event "*** Titled Tuesday Blitz"]
[Site "Chess.com"]
[Date "2020.05.19"]
[Round "1"]
[White "Paul66666"]
[Black "jeetjain"]
[Result "0-1"]
[WhiteElo "2623"]
[BlackElo "2354"]
[TimeControl "180+1"]
[EndTime "12:07:54 PDT"]
[Termination "jeetjain won by resignation"]

1. d4 d5 2. c4 e6 3. Nf3 Nf6 4. g3 dxc4 5. Bg2 c5 6. O-O Nc6 7. Qa4 Bd7 8. Qxc4 b5 9. Qd3 c4 10. Qd1 Rc8 11. a4 a6 12. axb5 axb5 13. Ne5 Be7 14.
Nc3 b4 15. Ne4 Nxe4 16. Bxe4 Nxe5 17. dxe5 O-O 18. Qc2 h6 19. Rd1 Qc7 20. h4 Bb5 21. Bf4 Rfd8 22. Rdc1 g5 23. hxg5 hxg5 24. Be3 Qxe5 25.
Ra7 Bf6 26. Bh7+ Kf8 27. Bg6 fxg6 28. Qxg6 Rd7 29. Rxd7 Bxd7 30. Rd1 Bc6 31. Bd4 Qf5 32. Qh6+ Kf7 33. Ra1 Bxd4 34. e3 Bc5 35. Qh5+ Ke7 36. Qe2 Qe4 37. f3 Bxe3+ 38. Kg2 Qd3 39. Qxd3 cxd3 40. Re1 d2 41. Rd1 Ba4 42. Rxd2 Bxd2 43. f4 Rc2 44. g4 Bxf4+ 45. Kf3 Rxb2 46. Ke4 Rc2 47. Kd4 b3 48. Ke4 b2 49. Kf3 b1=Q 50.
Ke4 Qb4+ 51. Kf3 Rc3+ 52. Kg2 Qb2+ 0-1

[Event "*** Titled Tuesday Blitz"]
[Site "Chess.com"]
[Date "2020.05.19"]
[Round "1"]
[White "aNaartjieZA"]
[Black "paperotto610"]
[Result "1-0"]
[WhiteElo "2588"]
[BlackElo "2293"]
[TimeControl "180+1"]
[EndTime "12:07:54 PDT"]
[Termination "aNaartjieZA won by resignation"]

1. e4 c6 2. d3 d5 3. Nd2 g6 4. Ngf3 Bg7 5. g3 e5 6. Bg2 Ne7 7. O-O O-O 8. Re1 dxe4 9. dxe4 Nd7 10. Nc4 Qc7 11. Nd6 Nc5 12. Nxc8 Raxc8 13. Qe2 Rcd8 14. b3 Ne6 15. c3 a5 16. Ba3 Rfe8 17. Bh3 Nc8 18.
Rad1 Nb6 19. Rxd8 Nxd8 20. Rd1 c5 21. Qb5 Qc6 22. Qxc6 Nxc6 23. Bxc5 Nc8 24. Rd7 b6 25. Rc7 N6a7 26. Bxb6 Nxb6 27. Rxa7 a4 28. Ra6 Rb8 29. Kf1 Kf8 30. Ke2 Ke7 31. Ra7+ Kf6 32. c4 Bf8 33. Ne1 Bc5 34. Ra6 Ke7 35. Nd3 Bd4 36. c5 Nc8 37. Rxa4 Rb7 38. Bxc8 Rc7 39. Bh3 f5 40. Rc4 fxe4 41. Nb4 Rxc5 42. Rxc5 Bxc5 43. Nd5+ Kd6 44. Nc3 e3 45. Ne4+ Kd5 46. Nxc5 exf2 47. Nd3 1-0

[Event "*** Titled Tuesday Blitz"]
[Site "Chess.com"]
[Date "2020.05.19"]
[Round "1"]
[White "Ati1517"]
[Black "Nikolaj_6"]
[Result "0-1"]
[WhiteElo "2279"]
[BlackElo "2575"]
[TimeControl "180+1"]
[EndTime "12:07:54 PDT"]
[Termination "Nikolaj_6 won by resignation"]

1. d4 Nf6 2. Nf3 g6 3. c4 Bg7 4. Nc3 c5 5. d5 O-O 6. e4 d6 7. Be2 e6 8. O-O Re8 9. h3 exd5 10. exd5 Bf5 11. Bf4 a6 12. Qd2 Ne4 13. Nxe4 Bxe4 14. Bh6 Bxf3 15. Bxf3 Bxh6 16. Qxh6 Nd7 17. Rfe1 Ne5 18.
Be2 Qa5 19. Red1 b5 20. cxb5 axb5 21. f4 Nc4 22. Bxc4 bxc4 23. f5 Qd8 24. fxg6 hxg6 25. Rf1 Qe7 26. Kh1 Qe3 27. Qh4 Qd4 28. Qxd4 cxd4 29. Rac1 Rxa2 30. Rxc4 Rxb2 31. Rxd4 Ree2 32.
Rg4 Kg7 33. Rg5 Rbd2 34. Ra1 Re5 35. Rxe5 dxe5 36. Ra5 e4 37. Kg1 f5 38. Ra7+ Kf6 39. Ra6+ Kg5 40. d6 Kf4 41. Kf1 g5 42. Ke1 Rd3 43.
Kf2 Rd2+ 44. Ke1 e3 45. Rb6 Kg3 46. Rb5 Kf4 47. g3+ Ke4 48. Rb4+ Kf3 49. g4 f4 50. Rb6 Kg3 51. Rb5 Rxd6 52. Rxg5 f3 53. Rf5 Kg2 54. g5 Ra6 55. Kd1 e2+ 56. Kd2 Ra2+ 0-1

[Event "*** Titled Tuesday Blitz"]
[Site "Chess.com"]
[Date "2020.05.19"]
[Round "1"]
[White "gmcorrales"]
[Black "Maksimus1998"]
[Result "0-1"]
[WhiteElo "2770"]
[BlackElo "2425"]
[TimeControl "180+1"]
[EndTime "12:07:57 PDT"]
[Termination "Maksimus1998 won by checkmate"]

1. e4 e6 2. d4 d5 3. e5 c5 4. c3 Qb6 5. Nf3 Nc6 6. a3 Bd7 7. b4 cxd4 8. cxd4 Rc8 9. Be3 Nh6 10. Bd3 Ng4 11. O-O Be7 12. Nbd2 Nxe3 13. fxe3 Nb8 14.
Nb3 Ba4 15. Qb1 Bxb3 16. Qxb3 O-O 17. Ra2 h6 18. Raf2 Nc6 19. Bb1 Qb5 20. h4 a5 21.
h5 Qc4 22. Qd1 axb4 23. Nd2 Qc3 24. Rf3 Bg5 25. Kh2 Nxd4 26. exd4 Qxd2 27. Qa4 Qxd4 28. axb4 Qxe5+ 29. Kh1 Rc4 30. g3 Rc1 31. Rxc1 Bxc1 32.
Qc2 Qe1+ 33. Kg2 Qd2+ 34. Rf2 Qxc2 35. Rxc2 Be3 36. Rc7 Rb8 37. Kf3 Bb6 38. Rd7 Kf8 39. Bd3 Bd4 40. Bb5 b6 41. Bc6 Be5 42. b5 Rc8 43. g4 Rc7 44. Rd8+ Ke7 45. Ra8 Kf6 46. Rd8 Bd4 47. Kf4 Re7 48. Kf3 Bc5 49. Kg3 g6 50. Kf3 gxh5 51. gxh5 Kg5 52. Rg8+ Kf6 53. Kg4 Be3 54.
Kf3 Bg5 55. Rb8 d4 56. Be4 Ke5 57. Rxb6 f5 58. Bd3 Rc7 59. Ra6 Kf6 60. b6 Rc3 61. Ke2 Rb3 62. Bc4 Rb2+ 63. Kd3 Rd2# 0-1

[Event "*** Titled Tuesday Blitz"]
[Site "Chess.com"]
[Date "2020.05.19"]
[Round "1"]
[White "Quiet_Desperation"]
[Black "bazar-wokzal"]
[Result "0-1"]
[WhiteElo "2069"]
[BlackElo "2493"]
[TimeControl "180+1"]
[EndTime "12:07:57 PDT"]
[Termination "bazar-wokzal won by resignation"]

1. e4 Nc6 2. Nf3 d5 3. exd5 Qxd5 4. Nc3 Qa5 5. Bb5 Bd7 6. O-O a6 7. Bc4 Nf6 8. d4 Bg4 9. d5 Ne5 10. Be2 Bxf3 11. Bxf3 O-O-O 12. Bf4 Nxf3+ 13. Qxf3 Nxd5 14. Nxd5 Qxd5 15. Qg4+ f5 16. Qg3 e5 17. Bxe5 Bd6 18. Bxd6 Rxd6 19. c4 Qd4 20. c5 Rg6 21. Qf3 Qg4 22.
Qxg4 Rxg4 23. Rac1 Rd8 24. c6 bxc6 25. Rxc6 Rd6 26. Rxd6 cxd6 27. Rd1 Kd7 28. Kf1 g6 29. Rd3 Rb4 30. b3 a5 31. Rh3 a4 32. Rxh7+ Ke6 33.
Rh3 axb3 34. Rxb3 Rc4 35. Rb2 d5 36. a3 Rc1+ 37. Ke2 Ra1 38. Rb3 Ke5 39. g3 Ke4 40. f3+ Kd4 41. Kd2 Ra2+ 42. Kc1 Rxh2 43. Rb2 Rxb2 44.
Kxb2 Ke3 45. a4 d4 46. a5 d3 47. a6 d2 48. a7 d1=Q 49. a8=Q Qe2+ 50. Kc3 Qxf3 51.
Qg8 Qxg3 0-1

[Event "*** Titled Tuesday Blitz"]
[Site "Chess.com"]
[Date "2020.05.19"]
[Round "1"]
[White "bascheyaro"]
[Black "GuerrieroFromLevant"]
[Result "1/2-1/2"]
[WhiteElo "2697"]
[BlackElo "2378"]
[TimeControl "180+1"]
[EndTime "12:07:58 PDT"]
[Termination "Game drawn - insufficient material"]

1. d4 d5 2. Nf3 c5 3. e3 Nf6 4. Be2 Nc6 5. O-O Bg4 6. a3 Bxf3 7. Bxf3 e5 8. dxc5 e4 9. Be2 Bxc5 10. c4 Bd6 11.
cxd5 Ne7 12. Bb5+ Kf8 13. Nc3 h5 14. Qd4 Nf5 15. Qc4 Qe7 16. f4 a6 17. Ba4 b5 18.
Qc6 Rd8 19. Bd1 Bc5 20. Qxa6 Bxe3+ 21. Bxe3 Nxe3 22. Re1 Nexd5 23. Nxd5 Rxd5 24. Be2 g6 25. Rad1 Qc5+ 26. Kh1 Kg7 27. Rxd5 Nxd5 28. Qxb5 Qxb5 29. Bxb5 f5 30. g3 h4 31. Kg1 hxg3 32. hxg3 Rb8 33. Bc4 Nb6 34. Bf1 Rd8 35. Kf2 Na4 36. Re2 Rd3 37. Rc2 Rb3 38. Bc4 Rxb2 39. Rxb2 Nxb2 40.
Bb5 Kf6 41. Ke2 Ke6 42. a4 Kd5 43. a5 Kc5 44. Be8 Nc4 45. Bxg6 Nd6 46. Ke3 Kb5 47. Kd4 Kxa5 48. Bh5 Kb6 49. Kd5 Kc7 50. Ke6 e3 51. Kd5 Ne4 52. Ke5 Nxg3 53. Bf3 e2 54. Bxe2 Nxe2 55.
Kxf5 Nxf4 1/2-1/2

[Event "*** Titled Tuesday Blitz"]
[Site "Chess.com"]
[Date "2020.05.19"]
[Round "1"]
[White "ketster"]
[Black "RobertoJBM"]
[Result "1-0"]
[WhiteElo "2363"]
[BlackElo "2642"]
[TimeControl "180+1"]
[EndTime "12:07:58 PDT"]
[Termination "ketster won by resignation"]

1. d4 d5 2. c4 c6 3. Nf3 Nf6 4. g3 dxc4 5. Bg2 b5 6. O-O Bb7 7. a4 a6 8. Ne5 e6 9. Nc3 Nbd7 10.
Nxc6 Qb6 11. a5 Qc7 12. d5 e5 13. f4 exf4 14. Bxf4 Bd6 15. Nd4 O-O 16. Nf5 Bxf4 17. gxf4 g6 18. Nd4 Rad8 19. e4 Nc5 20. Qf3 b4 21. Nce2 Ncxe4 22. Kh1 Bxd5 23. Qh3 c3 24.
bxc3 Nxc3 25. Rac1 Rfe8 26. Nxc3 bxc3 27. Rxc3 Bxg2+ 28. Kxg2 Qb7+ 29. Nf3 Ne4 30. Re3 Nd2 31. Rxe8+ Rxe8 32. Rf2 Nxf3 33. Qxf3 Qxf3+ 34. Kxf3 Rb8 35. Rc2 Rb5 36. Ra2 Kg7 37. Kg4 Kf6 38. h4 h5+ 39. Kg3 Kf5 40. Ra4 Rb3+ 41. Kg2 f6 42. Kf2 Kg4 43. Rc4 Rb5 44. Rc6 Rxa5 45. Rxf6 Kxh4 46. Rxg6 Ra1 47. f5 a5 48. f6 Ra3 49. f7 Ra2+ 50. Kf3 Ra3+ 51. Ke4 Ra1 1-0

[Event "*** Titled Tuesday Blitz"]
[Site "Chess.com"]
[Date "2020.05.19"]
[Round "1"]
[White "Borsuk_Konstantin"]
[Black "51616516516"]
[Result "1-0"]
[WhiteElo "2646"]
[BlackElo "2344"]
[TimeControl "180+1"]
[EndTime "12:07:58 PDT"]
[Termination "Borsuk_Konstantin won on time"]

1. d4 Nf6 2. c4 g6 3. Nc3 Bg7 4. e4 d6 5. h3 a6 6. Nf3 O-O 7. Be2 c5 8. d5 b5 9. O-O b4 10. Nb1 Nxe4 11. Bd3 Nf6 12. a3 Nbd7 13. Re1 a5 14. Nbd2 Re8 15. axb4 cxb4 16. Nb3 Nc5 17. Nxc5 dxc5 18. Be3 Qc7 19. Qc1 e6 20. Bf4 Qb6 21. Bc2 exd5 22. Rxe8+ Nxe8 23. cxd5 Bb7 24. Bb3 Nd6 25.
Ne5 Rc8 26. Nc4 Nxc4 27. Bxc4 Bd4 28. Qc2 Qf6 29. Bg3 Rd8 30. Rxa5 Bxd5 31. b3 Kg7 32. Ra6 Bb7 33. Rxf6 Bxf6 34. Kh2 Bc3 35. Qa2 h5 36. Qa7 Rd7 37. Qxc5 Be4 38. h4 Bf5 39. Be5+ Kh7 40.
Bxc3 bxc3 41. Bb5 Rb7 42. b4 c2 43. Bc6 Rc7 44. f3 Rc8 45. b5 Rb8 46. Be4 1-0

[Event "*** Titled Tuesday Blitz"]
[Site "Chess.com"]
[Date "2020.05.19"]
[Round "1"]
[White "THE_PLAYER6"]
[Black "Ashedu66"]
[Result "1-0"]
[WhiteElo "2505"]
[BlackElo "2126"]
[TimeControl "180+1"]
[EndTime "12:07:58 PDT"]
[Termination "THE_PLAYER6 won on time"]

1. d4 d6 2. c4 e5 3. Nc3 exd4 4. Qxd4 Nc6 5. Qd1 g6 6. e4 Bg7 7. g3 Nge7 8. Bg2 O-O 9. Nge2 f5 10. O-O Be6 11.
Nd5 fxe4 12. Bxe4 Ne5 13. Nef4 Bf7 14. Re1 N7c6 15. Bg2 Kh8 16. Bd2 Nd4 17. Bc3 c5 18.
b3 Qd7 19. Rc1 Rae8 20. Bxd4 cxd4 21. Nd3 Bxd5 22. Bxd5 Qh3 23. Nxe5 dxe5 24. Bg2 Qh6 25. Qd3 Qg5 26. h4 Qf6 27. Re2 h5 28. Rce1 Bh6 29.
Be4 Kg7 30. Kg2 b6 31. a4 Re7 32. a5 Ref7 33. Rf1 Qd6 34. axb6 axb6 35. Bd5 Rf6 36. Qe4 Re8 37. Qd3 Kh7 38. Re4 Bg7 39. Qe2 Ref8 40.
Qd3 Rf5 41. Re2 Qf6 42. Be4 Rf4 43. gxf4 Qxh4 44. Qg3 Qf6 45. fxe5 Qe7 46. Qxg6+ Kg8 47. Bd5+ Kh8 48. Qxh5+ 1-0

[Event "*** Titled Tuesday Blitz"]
[Site "Chess.com"]
[Date "2020.05.19"]
[Round "1"]
[White "L_lorenzo"]
[Black "JustKid"]
[Result "1/2-1/2"]
[WhiteElo "1999"]
[BlackElo "2475"]
[TimeControl "180+1"]
[EndTime "12:07:58 PDT"]
[Termination "Game drawn - insufficient material"]

1. d4 Nf6 2. c4 g6 3. Nc3 Bg7 4. e4 d6 5. f3 O-O 6. Bg5 Nc6 7. Nge2 a6 8. a4 Bd7 9. Qd2 b5 10. cxb5 axb5 11. Nxb5 Na5 12. Nc1 c6 13. Nc3 Qb6 14.
Be3 Rfb8 15. Ra2 Nb3 16. Nxb3 Qxb3 17. Bd3 c5 18. dxc5 Ne8 19. O-O Be6 20. Bc2 Bxc3 21. Bxb3 Bxd2 22. Bxd2 Bxb3 23. Ra3 Rxa4 24. Rxa4 Bxa4 25.
cxd6 Nxd6 26. Bc3 Nb5 27. Be5 Rd8 28. Ra1 Rd1+ 29. Rxd1 Bxd1 30. Kf2 f6 31. Bb8 Kf7 32.
Ke3 e5 33. Kd2 Bb3 34. Kd3 Ke6 35. f4 exf4 36. Bxf4 Nd6 37. g4 Bc4+ 38. Kd4 Be2 39. g5 f5 40. exf5+ Nxf5+ 41. Kc5 Ne7 42. b4 Nd5 43.
Bd2 Nc7 44. h4 Kf5 45. Kc6 Nb5 46. Kc5 Kg4 47. Be1 Kf5 48. Bd2 Ke5 49. Be1 Ke6 50. Bd2 Nd6 51. Be1 Nf5 52. b5 Bf3 53. Kb6 Nd6 54.
Kc5 Nb7+ 55. Kb6 Kf5 56. Kc7 Ke6 57. b6 Nd6 58. Bg3 Ne4 59. b7 Nc5 60. b8=Q Na6+ 61.
Kc8 Nxb8 62. Kxb8 Kf5 63. Be1 Kg4 64. Kc7 Kh5 65. Kd6 Bg4 66. Ke7 h6 67. gxh6 Kxh6 68. Kf6 Kh5 69. Bf2 Bf5 70. Kg7 g5 71. hxg5 Kxg5 1/2-1/2

[Event "*** Titled Tuesday Blitz"]
[Site "Chess.com"]
[Date "2020.05.19"]
[Round "1"]
[White "BikingBrian"]
[Black "Mikhail_Golubev"]
[Result "0-1"]
[WhiteElo "2251"]
[BlackElo "2556"]
[TimeControl "180+1"]
[EndTime "12:07:59 PDT"]
[Termination "Mikhail_Golubev won by resignation"]

1. d4 Nf6 2. Bg5 Ne4 3. Bf4 c5 4. f3 Qa5+ 5. c3 Nf6 6. d5 Qb6 7. Bc1 e6 8. e4 exd5 9. exd5 c4 10. Bxc4 Bc5 11. Ne2 O-O 12. b4 Bf2+ 13. Kf1 d6 14. Nd4 Bxd4 15. Qxd4 Qxd4 16. cxd4 Nbd7 17. Nc3 Nb6 18. Bb3 Bf5 19. Bf4 Rfc8 20. Rc1 Rxc3 21. Rxc3 Nfxd5 22. Bd2 Nxc3 23. Bxc3 Rc8 24. Bd2 Be6 25.
Ke2 Bxb3 26. axb3 Nd5 27. Kd3 a6 28. Rc1 Nxb4+ 29. Ke4 Re8+ 30. Kf5 g6+ 31. Kg4 Nd5 32. Re1 Rxe1 33. Bxe1 f5+ 34. Kg5 Kg7 35. Ba5 h6+ 36. Kh4 g5+ 37. Kh3 Nf4+ 38. Kg3 Ne2+ 39. Kf2 Nf4 40.
g4 fxg4 41. fxg4 Kf7 42. Kf3 Ke6 43. Ke4 Nd5 44. Bd8 Nf6+ 45. Bxf6 Kxf6 46. Kd5 Ke7 47. b4 Kd7 48. Ke4 Ke6 49. d5+ Kd7 50. Kf5 b6 51. Kg6 a5 52. Kxh6 axb4 53. Kxg5 b3 54. Kh6 b2 55. g5 b1=Q 56. g6 Qc1+ 57. Kh7 Qc2 58. h4 Qf5 59. h5 Qxh5+ 60. Kg7 Ke7 0-1

[Event "*** Titled Tuesday Blitz"]
[Site "Chess.com"]
[Date "2020.05.19"]
[Round "1"]
[White "LiamVrolijk"]
[Black "LogoCzar"]
[Result "0-1"]
[WhiteElo "2812"]
[BlackElo "2444"]
[TimeControl "180+1"]
[EndTime "12:08:00 PDT"]
[Termination "LogoCzar won on time"]

1. d4 d5 2. c4 c6 3. Nf3 e6 4.
Nbd2 Nf6 5. g3 Nbd7 6. Bg2 Bd6 7. O-O O-O 8. Re1 e5 9. cxd5 cxd5 10. dxe5 Nxe5 11. Nxe5 Bxe5 12. Nf3 Bd6 13. Be3 Bg4 14.
Bd4 Re8 15. a3 Ne4 16. Qb3 Qd7 17. Qxd5 Rad8 18. Rad1 Qa4 19. Qxb7 Bc5 20. e3 Rd7 21.
b3 Qxa3 22. Qb5 Qa2 23. Re2 Nc3 24. Rxa2 Nxb5 25. Rad2 Bxf3 26. Bxf3 Nxd4 27. exd4 Red8 28. d5 Bd6 29. Kg2 Rb8 30. Rd3 Rdb7 31. Rb1 a5 32.
Re3 Kf8 33. Rc1 Rxb3 34. Re4 R3b4 35. Ree1 a4 36. Rc6 R4b6 37. Ra1 Rxc6 38. dxc6 a3 39. Bd5 f6 40. Rd1 Ke7 41. Re1+ Kd8 42. Bf3 Kc7 43. Rd1 Rb2 44. h4 a2 45. Ra1 Rd2 46. Be4 Bc5 47.
Bxh7 Rxf2+ 48. Kh3 Bd4 49. Rd1 a1=Q 0-1

[Event "*** Titled Tuesday Blitz"]
[Site "Chess.com"]
[Date "2020.05.19"]
[Round "1"]
[White "Gajuchess"]
[Black "Ceejay271"]
[Result "1-0"]
[WhiteElo "2727"]
[BlackElo "2385"]
[TimeControl "180+1"]
[EndTime "12:08:00 PDT"]
[Termination "Gajuchess won on time"]

1. d4 Nf6 2. c4 e6 3. Nf3 d5 4. e3 Be7 5. Nc3 O-O 6. b3 b6 7. Bb2 Ba6 8. Be2 Nc6 9. O-O Na5 10. cxd5 Bxe2 11. Qxe2 Nxd5 12. e4 Nxc3 13. Bxc3 c5 14. dxc5 bxc5 15. Ne5 Qc7 16. Rad1 Rad8 17. Bxa5 Qxe5 18.
Bxd8 Bxd8 19. Rd7 Bb6 20. Qc4 h5 21. a4 h4 22. Rfd1 h3 23. gxh3 Qg5+ 24. Kf1 Qh4 25. R1d3 Qf4 26. Kg2 g6 27. Rf3 Qg5+ 28. Rg3 Qf6 29.
Rg4 Kg7 30. Rd3 Qe5 31. Rgg3 Rh8 32. Qc3 Qxc3 33. Rxc3 Rh4 34. Rg4 Rh5 35. f4 f5 36.
exf5 Rxf5 37. Kf3 Kf6 38. Ke4 Rh5 39. Rd3 Rh7 40. Rdg3 Rh6 41. h4 Bc7 42. h5 gxh5 43. Rg7 Bb6 44. Rd7 h4 45. Rg8 Rh5 46. Rf8+ Kg6 47. Re7 h3 48. Rxe6+ Kg7 49. Rf5 Rh4 50. Rd5 Kf7 51. Rc6 Ke7 52. a5 Bxa5 53. Rdxc5 Bb6 54.
Re5+ Kd7 55. Rg6 Bc7 56. Rd5+ Kc8 57. Rf5 Rh7 58. Rg8+ Kb7 59. Kf3 Rd7 60. Rb5+ 1-0

[Event "*** Titled Tuesday Blitz"]
[Site "Chess.com"]
[Date "2020.05.19"]
[Round "1"]
[White "chessdjw"]
[Black "tufferguy"]
[Result "1-0"]
[WhiteElo "2712"]
[BlackElo "2375"]
[TimeControl "180+1"]
[EndTime "12:08:00 PDT"]
[Termination "chessdjw won by resignation"]

1. e4 e5 2. Nf3 Nc6 3. Bb5 a6 4. Ba4 Nf6 5. d3 Bc5 6. Bxc6 dxc6 7. Nbd2 Qe7 8. Nc4 Nd7 9. Qe2 f6 10. Be3 Nb6 11. Bxc5 Qxc5 12. Ne3 O-O 13. Nh4 Na4 14. c3 Be6 15. O-O Rad8 16. f4 exf4 17. Rxf4 Qb5 18.
Nhf5 Qxb2 19. Qxb2 Nxb2 20. d4 Na4 21. c4 Nc3 22. Kf1 g6 23. Nh6+ Kg7 24. d5 Bc8 25.
Nhg4 g5 26. Nf5+ Bxf5 27. Rxf5 Nxe4 28. Re1 Rde8 29. dxc6 h5 30. Ne3 bxc6 31. Ra5 Nd6 32. Rxa6 c5 33. Rc6 Re7 34. Rxd6 cxd6 35. Nf5+ Kg6 36. Nxe7+ Kf7 37. Nd5 Ra8 38. Re7+ Kf8 39. Re2 Ra3 40. Kf2 Ra4 41. Rc2 Ra3 42. Ke2 Kf7 43. Kd2 Kg6 44. Nc3 Ra7 45. Rb2 Ra3 46.
Rb6 Kf5 47. Rxd6 Ke5 48. Rd5+ Ke6 49. Rxc5 Ra8 50. a4 Rd8+ 51. Rd5 Rb8 52. a5 Rb2+ 53. Kd3 Rxg2 54. Rb5 Rxh2 55. a6 Rh1 56. Ra5 Ra1 57. Rxa1 1-0